 Dungeon Crawl Stone Soup version 0.25.1-2-g60ff931 (webtiles) character file.

Game seed: 17112190496214108356

9333 vortex the Magician (level 11, -4/81 HPs)
             Began as a Mummy Fire Elementalist on Aug 19, 2020.
             Was a Believer of Vehumet.
             Shot with an arrow by a centaur warrior (12 damage)
             ... on level 11 of the Dungeon.
             The game lasted 01:36:52 (19414 turns).

vortex the Magician (Mummy Fire Elementalist)      Turns: 19414, Time: 01:36:53

Health: -4/81      AC:  7    Str: 11      XL:     11   Next: 21%
Magic:  4/22       EV: 14    Int: 15 (18) God:    Vehumet [**....]
Gold:   413        SH:  5    Dex: 13      Spells: 9/25 levels left

rFire    . . .     SeeInvis .   x - +2 dagger (elec)
rCold    + + .     Gourm    .   i - +0 buckler
rNeg     + + +     Faith    .   a - +2 robe {rC+ rF+}
rPois    ∞         Spirit   .   r - +0 helmet
rElec    .         Reflect  .   (no cloak)
rCorr    .         Harm     .   k - +0 pair of gloves
MR       +....                  q - +0 pair of boots
Stlth    +++.......             (no amulet)
HPRegen  0.23/turn              (no ring)
MPRegen  0.18/turn              (no ring)

@: no status effects
A: no food or potions, fire vulnerability, cold resistance 1, negative energy
resistance 3, torment resistance, unbreathing
a: Renounce Religion


You were on level 11 of the Dungeon.
You worshipped Vehumet.
Vehumet was pleased with you.
You were not hungry.

You visited 2 branches of the dungeon, and saw 12 of its levels.

You collected 413 gold pieces.

Inventory:

Hand Weapons
 m - a +4 dagger of venom
 x - a +2 dagger of electrocution (weapon)
 y - a +2 hunting sling of freezing
Missiles
 e - 296 stones
 p - 14 poisoned darts (quivered)
 z - 43 sling bullets
Armour
 a - a +2 robe of resistance (worn)
 i - a +0 buckler (worn)
 k - a +0 pair of gloves (worn)
 q - a +0 pair of boots (worn)
 r - a +0 helmet (worn)
Wands
 j - a wand of iceblast (7)
 l - a wand of flame (20)
 t - a wand of disintegration (4)
Scrolls
 b - 3 scrolls of enchant armour
 c - a scroll of enchant weapon
 d - 6 scrolls of teleportation
 g - 5 scrolls of remove curse
 h - 2 scrolls of amnesia
 o - a scroll of holy word {unknown}
 s - a scroll of silence {unknown}
 u - a scroll of immolation
 v - a scroll of fear {unknown}
 w - a scroll of blinking


   Skills:
 + Level 5.7 Fighting
 - Level 2.0 Short Blades
 - Level 1.0 Throwing
 + Level 5.1 Dodging
 + Level 5.6 Stealth
 - Level 4.0 Shields
 + Level 7.5 Spellcasting
 * Level 6.0 Conjurations
 * Level 6.6 Fire Magic
 + Level 4.5 Evocations


You had 9 spell levels left.
You knew the following spells:

 Your Spells              Type           Power        Failure   Level  Hunger
a - Foxfire               Conj/Fire      ###.         1%          1    N/A
b - Conjure Flame         Conj/Fire      ###.....     2%          3    N/A
c - Sticky Flame          Conj/Fire      ###.....     10%         4    N/A
d - Fireball              Conj/Fire      ###.......   26%         5    N/A
e - Searing Ray           Conj           ###...       1%          2    N/A
i - Freeze                Ice            #...         13%         1    N/A

Your spell library contained the following spells:

 Spells                   Type           Power        Failure   Level  Hunger
 Frozen Ramparts          Ice            #.....       36%         3    N/A
 Inner Flame              Hex/Fire       ###.....     10%         3    N/A

Dungeon Overview and Level Annotations

Branches:
Dungeon (11/15)            Temple (1/1) D:5            Lair (0/6) D:8
    Orc (0/2) D:11

Altars:
Ashenzari
Cheibriados
Dithmenos
Fedhas
Gozag
Makhleb
Nemelex Xobeh
Ru
Sif Muna
Trog
Uskayaw
Vehumet
Wu Jian
Xom
The Shining One

Shops:
D:6 %

Annotations:
D:5 fly for scroll


Innate Abilities, Weirdness & Mutations

You do not eat or drink.
Your flesh is vulnerable to fire.
You are immune to poison.
Your flesh is cold resistant. (rC+)
You are immune to negative energy. (rN+++)
You are immune to unholy pain and torment.
You can survive without breathing.


Message History

The neqoxec gestures at you.
You feel dopey. Something feeds on your intellect!
The kobold demonologist gestures wildly while chanting.
The centaur warrior shoots an arrow.
The arrow hits you!!
You see here an arrow.
As you read the scroll of fog, it crumbles to dust.
The scroll dissolves into smoke.
The neqoxec gestures at you.
Something tries to feed on your intellect!
The kobold demonologist casts a cantrip, but nothing happens.
A sky beast comes into view.
Found a spear and a ration.
The centaur warrior shoots an arrow.
The arrow hits you!!
* * * LOW HITPOINT WARNING * * *
You hear a bellow!
You see here an arrow.
You hear a screech!
You hear a bellow! x3
The centaur warrior shoots an arrow.
The arrow hits you!
You die...

,..............#
*,,,,,,***,,*
,..............# ***,,,**
**,, ,.............#*
**,,*** *,,
,...?.........#**##*#.,**
**,,
,......)((§§§§#*..#..#**
**,,,
,....5K.5§§§§§##....##
*>,,,
,....45.c§§§§c§......#**
**,,,,
*###3#########§#####.,,**
*,,,,,
*,Z3,,,,****#..(@.#*,,,,*
*,,,,,
,.#****,,#....###.#*,,,,*
*,,,,,
,*,,,,**,#.##.*,*.#*,,,,*
*,,,,,
,*,,,,,*,#,*).,,,..*,,,,*
**,,,,
,*,,⌠,,*,,,##Y,,*#..,,,**
*****
,*,,,,,*,*,,..,,,*.#.,,*
,**,,,**,**,#%*,**.#.<**
,,*****,,**,***,,,.#,##
*,,,,,,,***,,,,,****,*


You could see a centaur warrior.

Vanquished Creatures
  A two-headed ogre (D:9)
  A deep elf mage (D:11)
  Joseph (D:9)
  A troll (D:10)
  A spriggan (D:7)
  A shadow (D:11)
  6 yaks
  A basilisk (D:11)
  Grum (D:8)
  2 water moccasins
  3 porcupines (D:8)
  A sky beast (D:7)
  2 orc warriors
  3 ice beasts
  5 ogres
  3 phantoms
  4 black bears
  4 wolves
  4 centaurs
  3 crocodiles
  A wyvern zombie (D:7)
  8 bullfrogs
  5 scorpions
  5 wights
  4 howler monkeys (D:4)
  2 centaur zombies (D:10)
  6 crimson imps
  2 quasits
  3 iron imps (D:3)
  13 orc wizards
  2 bullfrog skeletons
  4 orc priests
  2 centaur skeletons
  A gnoll shaman (D:4)
  3 hounds
  3 jellies
  2 iguanas
  7 worker ants
  A hound skeleton (D:5)
  A howler monkey zombie (D:6)
  17 gnolls
  2 worker ant zombies
  14 adders
  2 shadow imps
  A white imp (D:4)
  3 oozes
  An adder zombie (D:7)
  2 worms (D:2)
  4 leopard geckos
  31 orcs
  3 giant cockroaches
  8 goblins
  6 hobgoblins
  2 jackals (D:5)
  7 kobolds
  3 quokkas
  2 ball pythons (D:5)
  8 bats
  8 frilled lizards
  8 rats
255 creatures vanquished.

Vanquished Creatures (others)
  1741 foxfires
  24 fungi (D:8)
  4 plants (D:8)
1769 creatures vanquished.

Grand Total: 2024 creatures vanquished

Notes
Turn   | Place    | Note
-------+----------+-------------------------------------------
     0 | D:1      | vortex the Mummy Fire Elementalist began the quest for the
                  | Orb.
     0 | D:1      | Reached XP level 1. HP: 13/13 MP: 4/4
   239 | D:1      | Reached XP level 2. HP: 20/20 MP: 1/5
   356 | D:1      | Reached skill level 1 in Conjurations
  1202 | D:2      | Reached skill level 3 in Spellcasting
  1202 | D:2      | Reached XP level 3. HP: 16/25 MP: 0/7
  1483 | D:2      | Reached skill level 1 in Fighting
  1668 | D:2      | Reached XP level 4. HP: 32/32 MP: 3/8
  1675 | D:2      | Learned a level 3 spell: Conjure Flame
  1680 | D:2      | Learned a level 4 spell: Sticky Flame
  2894 | D:2      | Reached skill level 1 in Short Blades
  2894 | D:2      | Reached skill level 1 in Throwing
  2894 | D:2      | Reached XP level 5. HP: 34/37 MP: 2/10
  4420 | D:3      | Found a burning altar of Makhleb.
  4640 | D:4      | Reached XP level 6. HP: 31/43 MP: 6/11
  5038 | D:4      | Reached skill level 4 in Spellcasting
  5103 | D:4      | Reached skill level 1 in Evocations
  5135 | D:4      | Reached skill level 1 in Shields
  5358 | D:4      | Reached XP level 7. HP: 50/50 MP: 8/13
  5400 | D:4      | Learned a level 5 spell: Fireball
  6123 | D:4      | Found a shimmering blue altar of Sif Muna.
  7331 | D:5      | Entered Level 5 of the Dungeon
  7748 | D:5      | Reached XP level 8. HP: 57/57 MP: 7/15
  8450 | D:5      | Found a staircase to the Ecumenical Temple.
  8459 | Temple   | Entered the Ecumenical Temple
  8467 | Temple   | Became a worshipper of Vehumet
  8544 | D:5      | Reached skill level 5 in Spellcasting
  8673 | D:5      | Found a blossoming altar of Fedhas.
  8814 | D:5      | Found a shadowy altar of Dithmenos.
  9271 | D:6      | Found Mamis's Food Emporium.
 10231 | D:6      | Reached XP level 9. HP: 63/64 MP: 8/17
 11919 | D:7      | Reached skill level 6 in Spellcasting
 12741 | D:7      | Reached * piety under Vehumet
 12741 | D:7      | Offered knowledge of Freeze by Vehumet.
 12744 | D:7      | Learned a level 1 spell: Freeze
 13270 | D:7      | Reached skill level 5 in Fire Magic
 13723 | D:8      | Noticed Grum
 13823 | D:8      | Found a sacrificial altar of Ru.
 13941 | D:8      | Found a snail-covered altar of Cheibriados.
 14086 | D:8      | Reached XP level 10. HP: 67/73 MP: 13/19
 14956 | D:8      | Killed Grum
 14971 | D:7      | Reached ** piety under Vehumet
 15124 | D:8      | Found a staircase to the Lair.
 15271 | D:8      | Offered knowledge of Searing Ray by Vehumet.
 15968 | D:9      | Reached skill level 5 in Stealth
 16152 | D:9      | Learned a level 2 spell: Searing Ray
 16472 | D:9      | Noticed Joseph
 16479 | D:9      | Killed Joseph
 16479 | D:9      | Reached skill level 5 in Fighting
 16479 | D:9      | Reached skill level 5 in Conjurations
 17624 | D:10     | Entered Level 10 of the Dungeon
 17645 | D:9      | Reached skill level 7 in Spellcasting
 17696 | D:10     | Noticed a two-headed ogre
 18190 | D:9      | Killed a two-headed ogre
 18678 | D:10     | Reached XP level 11. HP: 72/80 MP: 10/22
 18833 | D:10     | Reached skill level 5 in Dodging
 19167 | D:10     | Offered knowledge of Frozen Ramparts by Vehumet.
 19218 | D:10     | You fall into a shaft and drop 1 floor!
 19390 | D:11     | Noticed a centaur warrior
 19391 | D:11     | Noticed a deep elf mage
 19403 | D:11     | Killed a deep elf mage
 19414 | D:11     | Shot with an arrow by a centaur warrior

Illustrated notes

Levels and vault maps discovered:
D:1:      minmay_arrival_shoal_huts, layout_basic
D:2:      layout_basic, minmay_circle_x
D:3:      layout_basic, demons_altar
D:4:      layout_layer_cave, led_sif_pool, first_ration, minmay_fire_ice_demons
D:5:      layout_cave_pools, nicolae_overflow_hidden_temple, fedhas_altar_2,
          minmay_temple_entry_ruins, corexii_item_surrounded_by_moat
D:6:      layout_basic, serial_shops, shop
D:7:      layout_basic, the_bakery
D:8:      layout_basic, chequers_temple_overflow_statue_of_worship,
          due_lair_maze_entry_diamond, uniq_grum
D:9:      layout_irregular_city, uniq_joseph
D:10:     layout_cross, kennysheep_decorative_pillar
D:11:     minmay_the_grid_net [minmay_the_grid_paths,
          minmay_the_grid_aliased_spiral, minmay_the_grid_diamond_grid,
          minmay_the_grid_small_cups, minmay_the_grid_minigrid_small_alt,
          minmay_the_grid_prize_inner_circle], layout_cave_pods,
          kennysheep_orc_monster_closet_entryway, serial_shops,
          kennysheep_little_box, uniq_gastronok, uniq_snorg
Temple:   lightli_temple_of_artemis

Skill      XL: |  1  2  3  4  5  6  7  8  9 10 11 |
---------------+----------------------------------+-----
Conjurations   | 1 2 3 4 5 6 |  6.0
Spellcasting   | 3 4 5 6 7 |  7.5
Fighting       | 1 2 3 4 5 |  5.7
Dodging        | 2 3 4 5 |  5.1
Stealth        | 2 3 4 5 |  5.6
Short Blades   | 1 2 |  2.0
Throwing       | 1 |  1.0
Fire Magic     | 3 4 5 6 |  6.6
Evocations     | 1 2 3 4 |  4.5
Shields        | 1 2 3 4 |  4.0

Action                   |  1- 3 |  4- 6 |  7- 9 | 10-12 || total
-------------------------+-------+-------+-------+-------++-------
Melee: Dagger            |     7 |    50 |    96 |    38 ||   191
Throw: Stone             |       |     5 |    38 |       ||    43
       Dart              |       |       |    40 |    23 ||    63
 Cast: Foxfire           |    51 |   157 |   426 |   343 ||   977
       Freeze            |       |       |     6 |    10 ||    16
       Conjure Flame     |       |       |     6 |     1 ||     7
       Searing Ray       |       |       |       |     5 ||     5
       Sticky Flame      |       |       |       |     4 ||     4
Evoke: Wand              |       |     1 |     2 |     9 ||    12
  Use: Scroll            |       |       |     7 |     5 ||    12
Armor: Robe              |     2 |     5 |    50 |    43 ||   100
Dodge: Dodged            |    19 |    42 |   136 |   129 ||   326
Block: Buckler           |       |       |       |    29 ||    29
